 Dungeon Crawl Stone Soup version 0.16.1-12-gf5c4a84 (webtiles) character file.

126 Huymann the Magician (level 4, 0/24 HPs)
             Began as a Deep Elf Fire Elementalist on Apr 9, 2015.
             Slain by an orc
             ... wielding a +0 hand axe
              (7 damage)
             ... on level 4 of the Dungeon.
             The game lasted 00:17:26 (2148 turns).

Huymann the Magician (Deep Elf Fire Elementalist)   Turns: 2148, Time: 00:17:26

Health: 0/24       AC:  8    Str: 11    XL:     4   Next: 83%
Magic:  2/15       EV: 13    Int: 21    God:
Gold:   66         SH:  0    Dex: 15    Spells: 4 memorised, 2 levels left

rFire  . . .     SeeInvis .     e - +2 quarterstaff (chaos)
rCold  . . .     Clarity  .     g - +1 robe
rNeg   . . .     SustAb   .     (no shield)
rPois  .         Gourm    .     (no helmet)
rElec  .         Spirit   .     j - +1 cloak
rCorr  .         Warding  .     s - +1 pair of gloves
rMut   .         Stasis   .     t - +0 pair of boots
MR     +....                    (no amulet)
Stlth  ++........               (no ring)
                                l - +4 ring of strength

@: very slightly contaminated, somewhat resistant to hostile enchantments,
unstealthy
A: magic resistance 1, spit poison 1, strong 1
a: Spit Poison


You were on level 4 of the Dungeon.
You were hungry.

You visited 1 branch of the dungeon, and saw 4 of its levels.

You collected 66 gold pieces.

Inventory:

Hand weapons
 d - a +0 dagger
 e - a +2 quarterstaff of chaos (weapon)
Missiles
 i - 22 arrows
Armour
 a - a +0 robe
 f - a +0 helmet
 g - a +1 robe (worn)
 j - a +1 cloak (worn)
 s - a +1 pair of gloves (worn)
 t - a +0 pair of boots (worn)
 x - a +0 helmet
Jewellery
 h - an uncursed ring of flight
 l - a +4 ring of strength (left hand)
Magical devices
 p - a wand of polymorph (10)
Scrolls
 o - 2 scrolls of remove curse
 r - a scroll of amnesia
 w - a scroll of teleportation {unknown}
 y - a scroll of magic mapping {unknown}
 z - a scroll of identify
 B - a scroll of random uselessness {unknown}
Potions
 k - 2 potions of curing {unknown}
 m - a potion of lignification
 q - a potion of agility {unknown}
 v - a potion of restore abilities {unknown}
 A - a potion of heal wounds {unknown}
 D - a potion of magic {unknown}
Books
 b - a book of Flames

   Spells                             Type                      Level
   a - Flame Tongue                   Conjuration/Fire             1
   b - Throw Flame                    Conjuration/Fire             2
   c - Conjure Flame                  Conjuration/Fire             3
   d - Inner Flame                    Hexes/Fire                   3
   e - Sticky Flame                   Conjuration/Fire             4
   f - Fireball                       Conjuration/Fire             5
Comestibles
 c - 2 bread rations
 n - a royal jelly
 u - 2 beef jerkies
 C - 2 chunks of flesh


   Skills:
 + Level 0.5 Fighting
 + Level 0.2 Short Blades
 + Level 0.2 Staves
 + Level 3.4 Dodging
 * Level 3.1 Stealth
 * Level 4.4 Spellcasting
 * Level 2.0 Conjurations
 + Level 3.9 Fire Magic


You had 2 spell levels left.
You knew the following spells:

 Your Spells              Type           Power        Failure   Level  Hunger
a - Flame Tongue          Conj/Fire      ###..        3%          1    None
b - Throw Flame           Conj/Fire      ###...       6%          2    #......
c - Conjure Flame         Conj/Fire      ###.....     12%         3    ##.....
d - Inner Flame           Hex/Fire       ##......     17%         3    ##.....


Dungeon Overview and Level Annotations

Branches:
Dungeon (4/15)
 Temple: D:4-7

Altars:
Cheibriados
Elyvilon
Gozag
Makhleb
Zin

Shops:
D:2 **

Annotations:
D:3 Sigmund


Innate Abilities, Weirdness & Mutations

You are resistant to hostile enchantments.
You can spit poison.
Your muscles are strong. (Str +2)


Message History

The orc wizard hits you with a dagger. The orc hits you but does no damage.
The orc wizard hits you with a dagger. The orc hits you.
The orc hits you with a hand axe.
You hit the orc wizard. You burn the orc wizard.
You kill the orc wizard!
Your Stealth skill increases to level 3!
The orc closely misses you. The orc hits you with a hand axe.
* * * LOW HITPOINT WARNING * * *
Casting: Conjure Flame
Confirm with . or Enter, or press ? or * to list all spells.
Aiming: Flame Tongue
Press: ? - help, Shift-Dir - straight line, f - orc
Aim: an orc, wielding a hand axe The flame tongue hits the orc.
The orc is heavily wounded.
The orc closely misses you.
You barely miss the orc.
The orc is heavily wounded.
The orc hits you with a hand axe!
You die...

............)............
.........................
..........##..............
#........###...##.........
.##.)....####..###........
...##.....####..#.........
#...##.....##............
......#....###....######.
.##....#@o......### ##
.....#..#)o...##..# #
#.....ยง#...##
......#..#...# #..
.#...#..# . #...#.#!.#
#.....#%.#.# ..........#.#
..#...####..


You could see 2 orcs.

Vanquished Creatures
  Crazy Yiuf (D:2)
  An orc wizard (D:4)
  Ijyb (D:4)
  A gnoll (D:1)
  4 giant geckos
  A giant cockroach (D:2)
  5 hobgoblins
  5 kobolds
  2 quokkas
  7 bats
  A giant gecko skeleton (D:4)
  2 giant newts (D:2)
  4 goblins
  8 rats
43 creatures vanquished.

Notes
Turn   | Place    | Note
--------------------------------------------------------------
     0 | D:1      | Huymann, the Deep Elf Fire Elementalist, began the quest for the Orb.
     0 | D:1      | Reached XP level 1. HP: 10/10 MP: 5/5
   326 | D:1      | Reached XP level 2. HP: 15/15 MP: 8/8
   484 | D:1      | Learned a level 2 spell: Throw Flame
  1075 | D:2      | Found Zin's Purification Station.
  1075 | D:2      | Found a glowing silver altar of Zin.
  1167 | D:2      | Reached XP level 3. HP: 17/20 MP: 11/11
  1250 | D:2      | Found Gozag's Platinum Reserve.
  1250 | D:2      | Found an opulent altar of Gozag.
  1544 | D:2      | Found a snail-covered altar of Cheibriados.
  1585 | D:2      | Learned a level 3 spell: Conjure Flame
  1722 | D:2      | Found a white marble altar of Elyvilon.
  1784 | D:2      | Noticed Crazy Yiuf
  1797 | D:2      | Gained mutation: You can spit poison. [potion of mutation]
  1797 | D:2      | Gained mutation: You are resistant to hostile enchantments. [potion of mutation]
  1797 | D:2      | Gained mutation: Your muscles are strong. (Str +2) [potion of mutation]
  1815 | D:2      | Killed Crazy Yiuf
  1815 | D:2      | Reached skill level 4 in Spellcasting
  1815 | D:2      | Reached XP level 4. HP: 24/24 MP: 2/15
  1890 | D:3      | Found a burning altar of Makhleb.
  2007 | D:3      | Noticed Sigmund
  2033 | D:4      | Noticed Ijyb
  2043 | D:4      | Killed Ijyb
  2108 | D:4      | Learned a level 3 spell: Inner Flame
  2148 | D:4      | Slain by an orc

Action                   |  1- 3 |  4- 6 || total
-------------------------+-------+-------++-------
Melee: Dagger            |    83 |       ||    83
       Quarterstaff      |       |    22 ||    22
 Cast: Flame Tongue      |    43 |     5 ||    48
       Conjure Flame     |     1 |     4 ||     5
       Inner Flame       |       |     1 ||     1
 Abil: Spit Poison       |     2 |     1 ||     3
  Use: Scroll            |     6 |     1 ||     7
       Potion            |     3 |       ||     3
 Stab: Sleeping          |     4 |       ||     4
  Eat: Chunk             |     3 |     1 ||     4
